 Dungeon Crawl Stone Soup version 0.22-a0-246-gdc04c06 (webtiles) character file.

4 wolfsongas the Magician (level 1, -1/17 HPs)
             Began as a Gnoll Wanderer on Feb 22, 2018.
             Slain by a rat (2 damage)
             ... on level 1 of the Dungeon.
             The game lasted 00:00:26 (165 turns).

wolfsongas the Magician (Gnoll Wanderer)             Turns: 165, Time: 00:00:27

Health: -1/17      AC:  2    Str: 17    XL:     1   Next: 70%
Magic:  8/8        EV: 11    Int: 13    God:
Gold:   16         SH:  0    Dex: 12    Spells: 14/14 levels left

rFire    . . .     SeeInvis .   a - +2 mace
rCold    . . .     Gourm    .   (no shield)
rNeg     . . .     Faith    .   b - +0 robe
rPois    .         Spirit   .   (no helmet)
rElec    .         Reflect  .   (no cloak)
rCorr    .         Harm     .   (no gloves)
MR       .....                  (no boots)
Stlth    ++........             (no amulet)
HPRegen  0.05/turn              (no ring)
MPRegen  0.11/turn              (no ring)

@: no status effects
A: distributed training, fangs 1, strong nose
a: no special abilities


You were on level 1 of the Dungeon.
You were not hungry.

You visited 1 branch of the dungeon, and saw 1 of its levels.

You collected 16 gold pieces.

Inventory:

Hand Weapons
 a - a +2 mace (weapon)
Armour
 b - a +0 robe (worn)
Jewellery
 h - an uncursed amulet of the gourmand
Scrolls
 g - a scroll of identify
Comestibles
 c - 2 rations
 d - a chunk of flesh


   Skills:
 + Level 2.4 Fighting
 + Level 0.1 Short Blades
 + Level 0.1 Long Blades
 + Level 0.1 Axes
 + Level 2.4 Maces & Flails
 + Level 0.1 Polearms
 + Level 0.1 Staves
 + Level 0.1 Slings
 + Level 0.1 Bows
 + Level 0.1 Crossbows
 + Level 0.1 Throwing
 + Level 2.4 Armour
 + Level 0.1 Dodging
 + Level 2.2 Stealth
 + Level 0.1 Shields
 + Level 0.1 Unarmed Combat
 + Level 7.0 Spellcasting
 + Level 0.1 Conjurations
 + Level 3.6 Hexes
 + Level 0.1 Charms
 + Level 0.1 Summonings
 + Level 0.1 Necromancy
 + Level 0.1 Translocations
 + Level 0.1 Transmutations
 + Level 0.1 Fire Magic
 + Level 0.1 Ice Magic
 + Level 0.1 Air Magic
 + Level 0.1 Earth Magic
 + Level 0.1 Poison Magic
 + Level 0.2 Invocations
 + Level 2.4 Evocations


You had 14 spell levels left.
You didn't know any spells.

Dungeon Overview and Level Annotations

Branches:
Dungeon (1/15)

Altars:
Cheibriados


Innate Abilities, Weirdness & Mutations

Your experience applies equally to all skills.
You have very sharp teeth.
Your uncanny sense of smell can sniff out nearby items.


Message History

As you read the scroll labeled UFARONG XUORPH, it crumbles to dust.
You hear a loud clanging noise!
It was a scroll of noise.
You hear a shout! x3
The goblin hits you. The frilled lizard barely misses you.
The frilled lizard misses you. The rat closely misses you.
As you read the scroll labeled ZEATEWN NAID, it crumbles to dust.
You feel blessed for a moment.
It was a scroll of remove curse.
The goblin hits you.
* * * LOW HITPOINT WARNING * * *
The frilled lizard barely misses you. x2; The rat barely misses you.
As you read the scroll labeled MIDA CIACWIATY, it crumbles to dust.
It is a scroll of identify.
h - an uncursed amulet of the gourmand The goblin hits you.
* * * LOW HITPOINT WARNING * * *
The frilled lizard bites you.
* * * LOW HITPOINT WARNING * * *
The frilled lizard closely misses you. The rat bites you.
You die...

.## .. ... .
#.. ###.### .#
#...#.....#..#
#...#.....#..#
#.....gb....#
#.? #.rll.#
...#lg@..#
#.###.###.#
#.........#
###..##..##
##.##.##
#..#.# ##.#.#
#.#.######
#........#


You could see 2 goblins, a bat, 3 frilled lizards and a rat.

Vanquished Creatures
  2 hobgoblins (D:1)
  A kobold (D:1)
  A frilled lizard (D:1)
4 creatures vanquished.

Notes
Turn   | Place    | Note
-------+----------+-------------------------------------------
     0 | D:1      | wolfsongas the Gnoll Wanderer began the quest for the Orb.
     0 | D:1      | wolfsongas set off with: a +2 mace, a +0 robe, a ration
     0 | D:1      | Reached XP level 1. HP: 17/17 MP: 8/8
   109 | D:1      | Found a snail-covered altar of Cheibriados.
   165 | D:1      | Slain by a rat

Vault maps used:
D:1:      shiori_arrival_oz, st_stairs_3, cheibriados_altar_1

Action                   || total
-------------------------++-------
Melee: Mace              ||    11
  Use: Scroll            ||     3
 Stab: Sleeping          ||     1
Armor: Robe              ||     1
Dodge: Dodged            ||    17

Table legend:
 A = Spawn XP
 B = Non-spawn XP
 C = Spawn XP percentage of total XP
 D = Spawn monster count
 E = Non-spawn monster count
 F = Spawn count percentage of total count
 G = Total turns spent on level
                    A         B        C        D         E        F      G
               +---------+---------+-------+---------+---------+-------+---------
         Total |       0 |       7 |   0.0 |       0 |       4 |   0.0 |   165
               +---------+---------+-------+---------+---------+-------+---------
           D:1 |       0 |       7 |   0.0 |       0 |       4 |   0.0 |   165
               +---------+---------+-------+---------+---------+-------+---------
